 Dungeon Crawl Stone Soup version 0.28-a0-413-gde365fb1df (webtiles) character file.

Game seed: 15409967989882798716

4075 heikuro the Blocker (level 10, 0/82 HPs)
             Began as a Formicid Fighter on Sept 7, 2021.
             Was an Initiate of Gozag.
             Engulfed by a cloud of freezing vapour (10 damage)
             ... on level 7 of the Dungeon.
             The game lasted 00:15:41 (7512 turns).

heikuro the Blocker (Formicid Fighter)              Turns: 7512, Time: 00:15:42

Health: 0/82       AC: 15    Str: 22    XL:     10   Next: 49%
Magic:  10/10      EV: 25    Int:  8    God:    Gozag
Gold:   234        SH:  7    Dex: 17    Spells: 9/9 levels left

rFire   x . .      SeeInvis +   F - +3 falchion of Maromn {venom, rPois rF- Dex+5}
rCold   . . .      Faith    .   c - +0 buckler
rNeg    + . .      Spirit   .   x - +2 scale mail of the Stonemason {Harm Rampage rPois Slay+2}
rPois   +          Reflect  .   (helmet unavailable)
rElec   .          Harm     +   q - +0 cloak
rCorr   .          Rampage  +   p - +0 pair of gloves
Will    ++...                   C - +1 pair of boots of Jurogg {rN+ Dex+2 Slay+3 Stlth-}
Stlth   ..........              A - amulet of the acrobat
HPRegen 0.23/turn               (no ring)
MPRegen 0.12/turn               (no ring)

@: acrobatic, unable to read
A: permanent stasis, dig shafts and tunnels, antennae 3, four strong arms,
clumsy 1, strong-willed 1, inability to read while threatened
a: Dig, Shaft Self, Renounce Religion, Potion Petition, Call Merchant, Bribe
Branch


You were on level 7 of the Dungeon.
You worshipped Gozag.
Gozag was aware of your devotion.
You visited 1 branch of the dungeon, and saw 7 of its levels.
You also visited: Bailey.

You collected 1072 gold pieces.
You spent 433 gold pieces at shops.
You paid 405 gold pieces to Gozag.

Inventory:

Hand Weapons
 d - a +2 dagger of electrocution
 F - the +3 falchion of Maromn (weapon) {venom, rPois rF- Dex+5}
   (You found it in a bailey)

   It poisons the flesh of those it strikes.
   Dex:       It affects your dexterity (+5).
   rF:        It makes you vulnerable to fire.
   rPois:     It protects you from poison.
Missiles
 k - 43 poisoned darts (quivered)
Armour
 c - a +0 buckler (worn)
 j - a +0 plate armour
 p - a +0 pair of gloves (worn)
 q - a +0 cloak (worn)
 x - the +2 scale mail of the Stonemason (worn) {Harm Rampage rPois Slay+2}
   (You found it on level 5 of the Dungeon)

   Slay:      It affects your accuracy & damage with ranged weapons and melee
   (+2).
   rPois:     It protects you from poison.
   Harm:      It increases damage dealt and taken.
   Rampage:   It bestows one free step when moving towards enemies.
 C - the +1 pair of boots of Jurogg (worn) {rN+ Dex+2 Slay+3 Stlth-}
   (You bought it in a shop on level 6 of the Dungeon)

   Dex:       It affects your dexterity (+2).
   Slay:      It affects your accuracy & damage with ranged weapons and melee
   (+3).
   rN:        It protects you from negative energy.
   Stlth:     It makes you less stealthy.
Jewellery
 A - an amulet of the acrobat (around neck)
 D - an amulet of guardian spirit
 E - a +4 ring of evasion
Wands
 y - a wand of flame (8)
 B - a wand of iceblast (11)
Scrolls
 a - a scroll of acquirement
 f - a scroll of immolation {unknown}
 g - 2 scrolls of magic mapping {unknown}
 i - a scroll of teleportation {unknown}
 l - 2 scrolls of blinking {unknown}
 n - 2 scrolls of enchant weapon {unknown}
 o - a scroll of brand weapon {unknown}
 u - a scroll of amnesia {unknown}
 v - a scroll of fear {unknown}
 w - a scroll of enchant armour {unknown}
Potions
 b - a potion of might
 e - a potion of cancellation
 h - a potion of brilliance
 m - a potion of heal wounds
 r - 2 potions of attraction
 s - a potion of curing
 t - 2 potions of ambrosia
 z - a potion of lignification


   Skills:
 + Level 8.7 Fighting
 + Level 7.5 Long Blades
 + Level 8.6 Armour
 + Level 9.5 Shields


You had 9 spell levels left.
You didn't know any spells.
Your spell library contained the following spells:

 Spells                   Type           Power      Damage    Failure   Level
 Summon Small Mammal      Summ           0%         N/A       69%         1
 Call Canine Familiar     Summ           0%         N/A       96%         3
 Summon Guardian Golem    Hex/Summ       0%         N/A       96%         3
 Iskenderun's Battlesphe  Conj           0%         2d6       100%        5
 Dispersal                Tloc           0%         N/A       100%        6
 Iron Shot                Conj/Erth      0%         9d1       100%        6
 Spellforged Servitor     Conj/Summ      0%         N/A       100%        7
 Disjunction              Tloc           0%         N/A       100%        8


Dungeon Overview and Level Annotations

Branches:
Dungeon (7/15)             Bailey (visited)
 Temple: D:4-7

Altars:
Fedhas
Gozag
Kikubaaqudgha
Qazlal

Shops:
D:6 [*


Innate Abilities, Weirdness & Mutations

You cannot be hasted, slowed, berserked, paralysed or teleported.
You can dig through walls and to a lower floor.
You have a pair of large antennae on your head. (SInv)
Your four strong arms can wield two-handed weapons with a shield.
You are clumsy. (Dex -2)
You are strong-willed. (Will+)
You sometimes lose the ability to read scrolls when taking damage.


Message History

No target in view!
No target in view!
No target in view!
You now have enough gold to buy a +1 pair of gloves of strength on D:6.
You can access your shopping list by pressing '$'.
You now have 202 gold pieces (gained 13).
k - 40 poisoned darts (gained 5)
You see here a +0 dagger.
You now have 214 gold pieces (gained 12).
Things that are here:
a +2 short sword of holy wrath; 5 stones; a +3 dagger You now have 222 gold pieces (gained 8).
Things that are here:
a +0 dagger; 5 stones You now have 227 gold pieces (gained 5).
k - 43 poisoned darts (gained 3)
You see here a +0 short sword.
You open the door.
You sense a monster nearby.
You see here a +0 dagger.
Things that are here:
a +2 short sword of holy wrath; 5 stones; a +3 dagger You open the door.
There is an open door here.
You now have 234 gold pieces (gained 7).
Found 13 arrows, 2 stones and a chain mail.
You open the door.
Really walk into a travel-excluded area?
There is an open door here.
You are engulfed in freezing vapours.
You are engulfed in freezing vapours.
You feel threatened and lose the ability to read scrolls!
You are engulfed in freezing vapours.
You are engulfed in freezing vapours.
* * * LOW HITPOINT WARNING * * *
Okay, then.
You cannot read scrolls in your current state!
You are engulfed in freezing vapours.
You die...
Your body crumbles into a pile of gold.

#...)...#
##......#
#..###.#
#[###########.#
.#
#..(.(..#####.#
.#
#######.#.#$#.#
#.......'.#$#.#
#.#####.#.#$#.#
..#.#.....#@#$#.#
..#.#.###.#☼#$#.#
#.#.# #.#☼#☼#.#
#.#.# #.#☼#☼#.#
#.#.# #.#☼#☼#.#
#.#.# #.#☼#☼#.#
#.#.# #.#☼#☼#.#
##'#.# #.#☼#☼#.#
#....#
#.#.#☼#☼#.#


There were no monsters in sight!

Vanquished Creatures
  2 orc knights (Bailey)
  2 kobold demonologists (Bailey)
  Grinder (D:3)
  A water moccasin (D:6)
  A sky beast (D:5)
  A black bear (D:4)
  An ogre (D:6)
  8 orc warriors (Bailey)
  2 necrophages (D:5)
  A kobold brigand (D:7)
  4 scorpions
  7 electric eels
  A hound (D:4)
  2 bullfrog skeletons (D:4)
  2 centaur skeletons
  A jelly (D:6)
  Natasha (thrice) (D:2)
  An iguana (D:4)
  2 orc wizards
  Terence (D:2)
  A hound skeleton (D:4)
  6 gnolls (Bailey)
  A howler monkey skeleton (D:7)
  6 adders
  A shadow imp (D:6)
  2 ufetubi
  An adder skeleton (D:4)
  A worm (D:3)
  A dart slug (D:2)
  23 orcs
  5 ball pythons
  7 endoplasms
  3 giant cockroaches
  13 goblins
  10 hobgoblins
  12 kobolds
  4 quokkas
  4 bats
  A frilled lizard (D:1)
  3 rats
149 creatures vanquished.

Vanquished Creatures (others)
  2 plants (D:6)
2 creatures vanquished.

Grand Total: 151 creatures vanquished

Notes
Turn   | Place    | Note
-------+----------+-------------------------------------------
     0 | D:1      | heikuro the Formicid Fighter began the quest for the Orb.
     0 | D:1      | Reached XP level 1. HP: 18/18 MP: 1/1
   120 | D:1      | Found a faded altar of an unknown god.
   581 | D:1      | Reached XP level 2. HP: 24/24 MP: 2/2
   859 | D:2      | Noticed Terence
   873 | D:2      | Killed Terence
   874 | D:2      | Reached skill level 4 in Shields
   874 | D:2      | Reached XP level 3. HP: 7/30 MP: 3/3
  1124 | D:2      | Noticed Natasha
  1139 | D:2      | Killed Natasha
  1140 | D:2      | Reached XP level 4. HP: 33/37 MP: 4/4
  1229 | D:2      | Noticed Natasha
  1236 | D:2      | Killed Natasha
  1280 | D:2      | Reached XP level 5. HP: 42/42 MP: 5/5
  1402 | D:2      | Noticed Natasha
  1517 | D:2      | Killed Natasha
  1991 | D:3      | Gained mutation: You sometimes lose the ability to read
                  | scrolls when taking damage. [potion of mutation]
  1991 | D:3      | Gained mutation: You are clumsy. (Dex -2) [potion of
                  | mutation]
  1991 | D:3      | Gained mutation: You are strong-willed. (Will+) [potion of
                  | mutation]
  2163 | D:3      | Found an opulent altar of Gozag.
  2174 | D:3      | Became a worshipper of Gozag Ym Sagoz the Greedy
  2326 | D:3      | Reached XP level 6. HP: 34/49 MP: 6/6
  2502 | D:3      | Noticed Grinder
  2510 | D:3      | Killed Grinder
  2511 | D:3      | Reached skill level 5 in Armour
  2511 | D:3      | Reached skill level 5 in Shields
  2511 | D:3      | Reached XP level 7. HP: 29/55 MP: 7/7
  3188 | D:4      | Reached skill level 5 in Fighting
  3577 | D:4      | Reached skill level 6 in Shields
  3636 | D:4      | Reached XP level 8. HP: 63/63 MP: 8/8
  3839 | D:5      | Entered Level 5 of the Dungeon
  3983 | D:5      | Identified the +2 scale mail of the Stonemason {Harm
                  | Rampage rPois Slay+2}
  4020 | D:5      | Reached skill level 5 in Long Blades
  4089 | D:5      | Found a stormy altar of Qazlal.
  4188 | D:5      | Found a blossoming altar of Fedhas.
  4189 | D:5      | Found an ancient bone altar of Kikubaaqudgha.
  4719 | D:6      | Reached skill level 7 in Shields
  5391 | D:6      | Found Sewytuph's Armour Boutique.
  5468 | D:6      | Bought the +1 pair of boots of Jurogg {rN+ Dex+2 Slay+3
                  | Stlth-} for 433 gold pieces
  5508 | D:6      | Found Ziunywo's Serpentskin Sales.
  5515 | D:6      | Reached XP level 9. HP: 57/71 MP: 9/9
  5878 | D:7      | Found a flagged portal.
  5897 | Bailey   | Entered a bailey
  6091 | Bailey   | Found an iron altar of Okawaru.
  6091 | Bailey   | Noticed a kobold demonologist
  6091 | Bailey   | Noticed a kobold demonologist
  6102 | Bailey   | Killed a kobold demonologist
  6112 | Bailey   | Killed a kobold demonologist
  6113 | Bailey   | Reached skill level 8 in Shields
  6495 | Bailey   | Noticed an orc knight
  6553 | Bailey   | Killed an orc knight
  6554 | Bailey   | Reached XP level 10. HP: 20/80 MP: 10/10
  6561 | Bailey   | Reached skill level 9 in Shields
  6897 | Bailey   | Identified the +3 falchion of Maromn {venom, rPois rF-
                  | Dex+5}
  7221 | Bailey   | Noticed an orc knight
  7238 | Bailey   | Killed an orc knight
  7512 | D:7      | Engulfed by a cloud of freezing vapour

Illustrated notes

Levels and vault maps discovered:
D:1:      mrwooster_arrival_statue_3, layout_basic,
          shapermc_ecumenical_altar_acropolis
D:2:      layout_basic, kennysheep_generic_room_10, uniq_terence, uniq_natasha
D:3:      layout_basic, mainiacjoe_overflow_alcove_2, serial_corexii_hall,
          corexii_hall_statues_s, corexii_hall_statues_l, minivault_11,
          uniq_grinder
D:4:      layout_rooms, minmay_misc_feat_doors
D:5:      layout_basic, grunt_temple_overflow_growth_and_decay,
          mainiacjoe_overflow_boulevard
D:6:      layout_basic, serial_shops, shop, serial_bayou, serial_bayou_crossing,
          serial_bayou_ford_a, serial_bayou_pond_d, serial_bayou_shore_a,
          guppyfry_shop_venom
D:7:      lemuel_ice_spiral_2, layout_basic, makhleb_heckhound_becter,
          minmay_temple_entry_nine_rooms, enter_bailey_2, uniq_joseph

Skill      XL: |  1  2  3  4  5  6  7  8  9 10 |
---------------+-------------------------------+-----
Shields        | 4 5 6 7 8 9 |  9.5
Fighting       | 4 5 6 8 |  8.7
Armour         | 4 5 6 8 |  8.6
Long Blades    | 3 4 5 7 |  7.5

Action                   |  1- 3 |  4- 6 |  7- 9 | 10-12 || total
-------------------------+-------+-------+-------+-------++-------
Melee: Long sword        |    54 |   108 |    62 |       ||   224
       Dagger            |       |       |   229 |    10 ||   239
       Falchion          |       |       |       |    32 ||    32
Invok: Potion Petition   |       |       |     1 |       ||     1
 Abil: Dig               |       |       |       |     3 ||     3
Evoke: Wand              |       |       |     6 |     3 ||     9
  Use: Scroll            |       |     3 |     6 |       ||     9
       Potion            |       |     2 |       |     1 ||     3
 Stab: Distracted        |       |       |     2 |       ||     2
Armor: Scale mail        |     4 |       |    48 |    12 ||    64
       Plate armour      |    31 |    67 |    63 |       ||   161
Dodge: Dodged            |    26 |    30 |    80 |    25 ||   161
Block: Buckler           |    13 |    17 |    56 |    14 ||   100

Table legend: (Time is in decaauts)
 A = Elapsed time spent in this place.
 B = Non-inter-level travel time spent in this place.
 C = Inter-level travel time spent in this place.
 D = Time resting spent in this place.
 E = Time spent auto-exploring this place.
 F = Levels seen in this place.
 G = Mean time per level.
                   A        B        C        D        E       F      G
               +--------+--------+--------+--------+--------+-----+--------+
         Total |   7555 |   7251 |    304 |   1975 |   3362 |   8 |  944.4 |
       Dungeon |   6082 |   5778 |    304 |   1150 |   3125 |   7 |  868.9 |
        Bailey |   1472 |   1472 |      0 |    825 |    236 |   1 | 1472.0 |
               +--------+--------+--------+--------+--------+-----+--------+

Top non-repeatable levels by time:
  Bailey: 1472 daAuts
     D:6: 1323 daAuts
     D:3: 1214 daAuts
     D:2: 1154 daAuts
     D:1: 850 daAuts
     D:4: 679 daAuts
     D:5: 621 daAuts
     D:7: 238 daAuts
